 Dungeon Crawl Stone Soup version 0.28.0-53-g5a82cb258f (webtiles) character file.

Game seed: 15565905776026055558

109 Zeld the Firebug (level 4, -3/39 HPs)
             Began as an Ogre Fire Elementalist on June 6, 2022.
             Slain by a shadow imp (5 damage)
             ... in a sewer.
             The game lasted 00:02:38 (2971 turns).

Zeld the Firebug (Ogre Fire Elementalist)           Turns: 2971, Time: 00:02:40

Health: -3/39      AC:  3    Str: 12    XL:     4   Next: 90%
Magic:  1/9        EV: 10    Int: 18    God:
Gold:   93         SH:  0    Dex:  9    Spells: 4/10 levels left

rFire   . . .      SeeInvis .   a - staff of conjuration
rCold   . . .      Faith    .   (no shield)
rNeg    . . .      Spirit   .   d - +0 robe
rPois   .          Reflect  .   (helmet restricted)
rElec   .          Harm     .   (no cloak)
rCorr   .          Rampage  .   (gloves unavailable)
Will    .....                   (boots unavailable)
Stlth   +.........              (no amulet)
HPRegen 0.13/turn               (no ring)
MPRegen 0.11/turn               (no ring)

@: mighty, very slightly contaminated
A: large, unfitting armour, tough skin 1
a: no special abilities


You were in a sewer.
You visited 1 branch of the dungeon, and saw 4 of its levels.
You also visited: Sewer.

You collected 93 gold pieces.

Inventory:

Armour
 d - a +0 robe (worn)
Magical Staves
 a - a staff of conjuration (weapon)
Scrolls
 b - 2 scrolls of teleportation {unknown}
 c - a scroll of silence {unknown}
 h - a scroll of acquirement {unknown}
 i - a scroll of fear {unknown}
 j - a scroll of magic mapping {unknown}
Potions
 g - a potion of haste {unknown}


   Skills:
 + Level 2.4 Dodging
 - Level 1.4 Stealth
 * Level 3.6 Spellcasting
 + Level 1.7 Conjurations
 * Level 3.6 Fire Magic


You had 4 spell levels left.
You knew the following spells:

 Your Spells              Type           Power      Damage    Failure   Level
a - Foxfire               Conj/Fire      76%        2x1d7     4%          1
b - Scorch                Fire           32%        2d6       5%          2
c - Inner Flame           Hex/Fire       9%         N/A       22%         3

Your spell library contained the following spells:

 Spells                   Type           Power      Damage    Failure   Level
 Conjure Flame            Conj/Fire      19%        6-21      16%         3
 Flame Wave               Conj/Fire      19%        2d6       45%         4


Dungeon Overview and Level Annotations

Branches:
Dungeon (4/15)              Sewer (1/1)
 Temple: D:4-7

Altars:
Makhleb
Okawaru
Ru
Sif Muna

Shops:
D:2 =


Innate Abilities, Weirdness & Mutations

You are too large for most types of armour.
You have tough skin. (AC +1)


Message History

Unknown command.
You hit the kobold brigand.
The kobold brigand is moderately wounded.
The kobold brigand hits you with a +0 short sword.
You hit the shadow imp but do no damage.
The shadow imp is heavily wounded.
The kobold brigand hits you but does no damage.
The shadow imp lashes its tail.
The shadow imp hits you but does no damage.
The kobold brigand hits you with a +0 short sword.
You hit the shadow imp.
The shadow imp is heavily wounded.
The kobold brigand is no longer more vulnerable to fire.
The shadow imp hits you. The kobold brigand closely misses you.
You hit the shadow imp.
The shadow imp is almost dead.
The shadow imp is no longer more vulnerable to fire.
The shadow imp gestures at you. Pain shoots through your body!
* * * LOW HITPOINT WARNING * * *
The kobold brigand hits you with a +0 short sword.
* * * LOW HITPOINT WARNING * * *
A kobold comes into view. It is wielding a +0 short sword.
The shadow imp gestures at you.
You barely resist.
The kobold brigand throws a poisoned dart.
The poisoned dart hits you!
You are lethally poisoned!
Unknown command.
It was a potion of curing.
You feel better. The shadow imp gestures at you. Pain shoots through your body!
* * * LOW HITPOINT WARNING * * *
It was a potion of might.
You feel very mighty all of a sudden.
The kobold brigand hits you with a +0 short sword.
* * * LOW HITPOINT WARNING * * *
A kobold comes into view. It is wielding a +0 club.
The shadow imp hits you.
You die...

#≈≈≈#≈≈≈≈≈≈#...#≈≈≈≈≈≈#
#≈≈≈#≈≈≈≈≈≈#.).≈≈≈≈≈≈≈#
#≈≈≈#≈≈≈≈≈≈≈...#≈≈≈≈≈≈#
#≈≈≈#≈≈≈≈≈≈#...#≈≈≈≈≈≈#
#≈≈≈#≈≈≈≈≈≈≈...≈≈≈≈≈≈≈#
#≈≈≈#≈≈≈≈≈≈≈..†#≈≈≈≈≈≈#
#≈≈≈≈≈≈#..)#≈≈≈≈≈≈#
#≈≈≈≈≈≈#..)≈≈≈≈≈≈≈#
#≈≈≈≈≈≈#..@#≈≈≈≈≈≈#
#≈≈≈≈≈≈≈.K5#≈≈≈≈≈≈#
#≈≈≈≈≈≈#..K#≈≈≈≈≈≈#
#≈≈≈≈≈...≈...≈K≈≈≈#
≈≈..#≈≈≈#..≈≈.≈#
....#≈≈≈#......# ###
##K#######'# KK
#...)..# ≈≈.K)...K≈≈≈≈#


You could see a kobold brigand, a shadow imp and 4 kobolds.

Vanquished Creatures
  2 adders (D:2)
  A river rat (D:4)
  A shadow imp (Sewer)
  2 ufetubi (Sewer)
  2 worms (D:2)
  A dart slug (D:2)
  6 ball pythons
  2 endoplasms
  3 giant cockroaches
  2 goblins (D:1)
  4 hobgoblins
  6 quokkas
  2 bats
  A frilled lizard (D:1)
  18 kobolds
  2 rats (D:1)
55 creatures vanquished.

Vanquished Creatures (others)
  A kobold zombie (Sewer)
  19 foxfires
20 creatures vanquished.

Grand Total: 75 creatures vanquished

Notes
Turn   | Place    | Note
-------+----------+-------------------------------------------
     0 | D:1      | Zeld the Ogre Fire Elementalist began the quest for the
                  | Orb.
     0 | D:1      | Reached XP level 1. HP: 16/16 MP: 3/3
    97 | D:1      | Reached skill level 1 in Conjurations
   412 | D:1      | Reached XP level 2. HP: 24/24 MP: 2/5
   454 | D:1      | Learned a level 2 spell: Scorch
  1087 | D:2      | Reached XP level 3. HP: 31/31 MP: 1/7
  1095 | D:2      | Learned a level 3 spell: Inner Flame
  1388 | D:2      | Found Vasut's Jewellery Emporium.
  1995 | D:2      | Reached XP level 4. HP: 34/39 MP: 1/8
  2120 | D:3      | You fall into a shaft and drop 1 floor!
  2134 | D:4      | Found an iron altar of Okawaru.
  2201 | D:4      | Found a shimmering blue altar of Sif Muna.
  2203 | D:4      | Found a burning altar of Makhleb.
  2205 | D:4      | Found a sacrificial altar of Ru.
  2343 | D:4      | Found a glowing drain.
  2348 | Sewer    | Entered a sewer
  2956 | Sewer    | Noticed a kobold brigand
  2971 | Sewer    | Slain by a shadow imp

Illustrated notes

Levels and vault maps discovered:
D:1:      dpeg_chamrin_arrival_tetris, layout_rooms
D:2:      layout_loops_ring, serial_shops, shop
D:3:      layout_loops_cross, general_overflow_altar,
          nicolae_overflow_hidden_temple
D:4:      layout_basic, grunt_temple_overflow_diamond,
          mainiacjoe_overflow_catwalk, gup_sewer_entry_bowl,
          kennysheep_decorative_pillar
Sewer:    kennysheep_sewer_church

Skill      XL: |  1  2 |
---------------+-------+-----
Conjurations   | 1 |  1.7
Dodging        | 2 |  2.4
Fire Magic     | 3 |  3.6
Spellcasting   | 3 |  3.6
Stealth        | |  1.4

Action                   |  1- 3 |  4- 6 || total
-------------------------+-------+-------++-------
Melee: Unarmed           |    22 |       ||    22
       Staff             |    15 |    15 ||    30
 Cast: Foxfire           |    12 |     2 ||    14
       Scorch            |    30 |    24 ||    54
  Use: Potion            |       |     2 ||     2
 Stab: Sleeping          |     1 |     1 ||     2
Armor: Robe              |    15 |    18 ||    33
Dodge: Dodged            |    29 |    24 ||    53
